 Dungeon Crawl Stone Soup version 0.30.0-29-ga12c61a403 (webtiles) character file.

Game seed: 5886629381089195208

19 hawla the Firebug (level 3, -2/26 HPs)
             Began as a Meteoran Fire Elementalist on June 4, 2023.
             Slain by an iguana (9 damage)
             ... on level 4 of the Dungeon.
             The game lasted 00:01:42 (162 turns).

hawla the Firebug (Meteoran Fire Elementalist)       Turns: 162, Time: 00:01:43

Health: -2/26      AC:  3    Str:  9    XL:     3   Next: 11%
Magic:  0/8        EV: 12    Int: 18    God:
Gold:   37         SH:  0    Dex: 15    Spells: 5/8 levels left

rFire   . . .        (no weapon)
rCold   . . .        (no shield)
rNeg    . . .        a - +1 robe
rPois   .            (no helmet)
rElec   .            (no cloak)
rCorr   .            (no gloves)
SInv    .            (no boots)
Will    .....        (no amulet)
Stlth   +            (no ring)
HPRegen 0.24/turn    (no ring)
MPRegen 0.11/turn

%: no passive effects
@: glowing
A: sense surroundings 1, otherworldly, glowing, explore regen
a: no special abilities


You were on level 4 of the Dungeon.
You visited 1 branch of the dungeon, and saw 4 of its levels.

You collected 37 gold pieces.

Inventory:

Armour
 a - a +1 robe (worn)
Potions
 c - a potion of curing


   Skills:
 + Level 2.6 Dodging
 - Level 1.4 Stealth
 + Level 3.1 Spellcasting
 + Level 1.2 Conjurations
 + Level 4.4 Fire Magic


You had 5 spell levels left.
You knew the following spells:

 Your Spells              Type           Power      Damage    Failure   Level
a - Foxfire               Conj/Fire      48%        2x1d6     4%          1
b - Scorch                Fire           36%        2d7       4%          2

Your spell library contained the following spells:

 Spells                   Type           Power      Damage    Failure   Level
 Inner Flame              Hex/Fire       10%        N/A       21%         3
 Volatile Blastmotes      Fire/Tloc      20%        2d11      21%         3
 Flame Wave               Conj/Fire      12%        2d6       45%         4


Dungeon Overview and Level Annotations

Branches:
Dungeon (4/15) Zot: 2237
 Temple: D:4-7

Altars:


Innate Abilities, Weirdness & Mutations

You passively map a small area around you.
You are easily found by Zot.
You glow in the dark.
You regain HP and MP as you explore.


Message History

The orc is moderately wounded.
The foxfire hits the orc.
The orc is severely wounded.
The foxfire hits the orc.
You kill the orc!
The iguana attacks as you move away! The iguana misses you.
The iguana attacks as you move away!
The iguana bites you but does no damage.
Found 19 gold pieces.
Casting: Foxfire (safe; 4% risk of failure)
Confirm with . or Enter, or press ? or * to list all spells.
You conjure some foxfire!
The iguana misses you.
The foxfire hits the iguana but does no damage.
The foxfire hits the iguana.
The iguana is lightly wounded.
Casting: Foxfire (safe; 4% risk of failure)
Confirm with . or Enter, or press ? or * to list all spells.
You conjure some foxfire!
The iguana bites you!
The foxfire hits the iguana but does no damage.
The iguana is lightly wounded.
The foxfire hits the iguana.
The iguana is moderately wounded.
Casting: Foxfire (safe; 4% risk of failure)
Confirm with . or Enter, or press ? or * to list all spells.
You conjure some foxfire!
The iguana barely misses you.
Your foxfire dissipates!
The foxfire hits the iguana but does no damage.
The iguana is moderately wounded.
Casting: Foxfire (safe; 4% risk of failure)
Confirm with . or Enter, or press ? or * to list all spells.
You conjure some foxfire!
The iguana bites you!
* * * LOW HITPOINT WARNING * * *
The foxfire hits the iguana.
The iguana is severely wounded.
The foxfire hits the iguana.
The iguana is almost dead.
Casting: Foxfire (safe; 4% risk of failure)
Confirm with . or Enter, or press ? or * to list all spells.
You conjure some foxfire!
The iguana bites you!
You die...

, ........., ##.#.
#..........#
.....##....#####<# *
#.........#.....##### ,
#.........#.###...... ,,
#...#.....#.# #..)).. *
#.........#.# #...... ,
*
####..v§.......###......
,
......v@l...............
####...#...........#####
,, #...#..##.#####.#
#...$.....# #.# ,
.....#..#### #.# ,
*###......# #.# ##..##..
..# * #.. #.#* #.#, ,


You could see an iguana (ally target).

Vanquished Creatures
  4 orcs (D:4)
  An endoplasm (D:2)
  A giant cockroach (D:3)
  3 jackals (D:3)
  2 kobolds
  3 rats (D:2)
14 creatures vanquished.

Vanquished Creatures (others)
  34 foxfires
34 creatures vanquished.

Grand Total: 48 creatures vanquished

Notes
Turn   | Place    | Note
-------+----------+-------------------------------------------
     0 | D:1      | hawla the Meteoran Fire Elementalist began the quest for
                  | the Orb.
     0 | D:1      | Reached XP level 1. HP: 14/14 MP: 5/5
    88 | D:2      | Reached XP level 2. HP: 20/20 MP: 4/6
    99 | D:3      | Learned a level 2 spell: Scorch
   123 | D:3      | Reached skill level 4 in Fire Magic
   143 | D:4      | Reached XP level 3. HP: 26/26 MP: 1/8
   162 | D:4      | Slain by an iguana

Illustrated notes

Levels and vault maps discovered:
D:1:      minmay_arrival_open_corners, layout_loops_ring,
          dreamdust_princess_bridge
D:2:      layout_loops_ring, basic_altar, minmay_crystal_room
D:3:      minmay_spotlight, layout_rooms, gammafunk_ghost_arena, serial_glass,
          glass_columns_b, glass_columns_c,
          chequers_ecumenical_altar_simple_redux
D:4:      layout_basic, ashenzari_conservatory_becter,
          minmay_temple_entry_stoned_glass

Skill      XL: |  1  2 |
---------------+-------+-----
Fire Magic     | 4 |  4.4
Spellcasting   | 3 |  3.1
Dodging        | |  2.6
Stealth        | |  1.4
Conjurations   | |  1.2

Action                     || total
---------------------------++-------
  Melee: Unarmed           ||     1
   Cast: Foxfire           ||    20
         Scorch            ||     5
    Use: Scroll            ||     2
         Potion            ||     1
 Armour: Robe              ||     5
  Dodge: Dodged            ||     7
